 Dungeon Crawl Stone Soup version 0.25-a0-521-gb5d5f98535 (console) character file.

Game seed: 7400482295848282217, levelgen mode: deterministic

118 Kagalorn the Conjurer (level 5, -7/31 HPs)
             Began as a Halfling Conjurer on Feb 18, 2020.
             Was a Follower of Elyvilon.
             Killed from afar by Ijyb (8 damage)
             ... with a puff of flame
             ... on level 3 of the Dungeon.
             The game lasted 00:08:52 (2005 turns).

Kagalorn the Conjurer (Halfling Conjurer)           Turns: 2005, Time: 00:08:53

Health: -7/31      AC: 13    Str:  9    XL:     5   Next: 23%
Magic:  1/7        EV: 15    Int: 14    God:    Elyvilon [*.....]
Gold:   78         SH:  0    Dex: 15    Spells: 6/7 levels left

rFire    . . .     SeeInvis .   a - +2 short sword (protect)
rCold    + . .     Gourm    .   (shield restricted)
rNeg     . . .     Faith    .   t - +2 robe {rC+}
rPois    .         Spirit   .   (no helmet)
rElec    .         Reflect  .   u - +0 cloak {MR+}
rCorr    .         Harm     .   (no gloves)
MR       +....                  n - +0 pair of boots
Stlth    ++........             (no amulet)
HPRegen  0.10/turn              (no ring)
MPRegen  0.10/turn              (no ring)

@: protection aura
A: small, mutation resistance 1
a: Lesser Healing, Divine Protection, Renounce Religion


You were on level 3 of the Dungeon.
You worshipped Elyvilon.
Elyvilon was aware of your devotion.
You were hungry.

You visited 1 branch of the dungeon, and saw 3 of its levels.

You collected 78 gold pieces.

Inventory:

Hand Weapons
 a - a +2 short sword of protection (weapon)
 b - a +0 hunting sling
Missiles
 g - 118 stones (quivered)
 j - 36 sling bullets
Armour
 n - a +0 pair of boots (worn)
 t - a +2 robe of cold resistance (worn)
 u - a +0 cloak of magic resistance (worn)
Scrolls
 d - 2 scrolls of remove curse {unknown}
 e - a scroll of enchant armour {unknown}
 h - a scroll of identify {unknown}
 i - 3 scrolls of teleportation {unknown}
 k - 2 scrolls of magic mapping {unknown}
 m - a scroll of amnesia {unknown}
 r - a scroll of immolation {unknown}
Potions
 f - 2 potions of degeneration {unknown}
 l - a potion of curing {unknown}
 o - a potion of flight {unknown}
 p - a potion of mutation {unknown}
 q - a potion of heal wounds {unknown}
Comestibles
 c - 8 rations


   Skills:
 - Level 2.1 Dodging
 - Level 2.1 Stealth
 - Level 1.5 Spellcasting
 * Level 5.1 Conjurations


You had 6 spell levels left.
You knew the following spells:

 Your Spells              Type           Power        Failure   Level  Hunger
a - Magic Dart            Conj           ###.         3%          1    ##.....

Your spell library contained the following spells:

 Spells                   Type           Power        Failure   Level  Hunger
 Searing Ray              Conj           ###...       4%          2    ###....
 Dazzling Flash           Conj/Hex       #.....       26%         3    ####...
 Fulminant Prism          Conj/Hex       #.........   65%         4    #####..
 Iskenderun's Mystic Bla  Conj/Tloc      #.......     65%         4    #####..


Dungeon Overview and Level Annotations

Branches:
Dungeon (3/15)

Altars:
Elyvilon
Sif Muna

Annotations:
D:3 Ijyb, Sigmund


Innate Abilities, Weirdness & Mutations

You are small and have problems with some larger weapons.
You are somewhat resistant to further mutation.


Message History

Ijyb is heavily wounded.
Ijyb hits you but does no damage.
You hit Ijyb.
Ijyb is heavily wounded.
Ijyb hits you with a +0 club.
You barely miss Ijyb.
Ijyb is heavily wounded.
Ijyb zaps a wand.
The puff of flame hits you but does no damage.
You closely miss Ijyb.
Ijyb is heavily wounded.
Ijyb zaps a wand.
The puff of flame hits you!
* * * LOW HITPOINT WARNING * * *
You hit Ijyb but do no damage.
Ijyb is heavily wounded.
Ijyb hits you but does no damage.
You hit Ijyb.
Ijyb is severely wounded.
Ijyb zaps a wand.
The puff of flame hits you!
You die...

#...#♣..♣......##
#...).♣♣♣♣......# #)..#♣♣
♣♣....)# ##### ♣♣###.# #.#
##.# # ###### #..#
###.###....######.#######
>.............g@........##
.......(.(...............
.........(..#....####.#.#
g######.....#.#.......#.#
####.[#.#.........#
#..#.#.........# .g.#
##.#.#.........# ...#
#.#.#.......#.# ...#
#...##......#.#


You could see Ijyb.

Vanquished Creatures
  Crazy Yiuf (D:3)
  Jessica (D:3)
  An adder (D:2)
  A worm (D:3)
  2 dart slugs
  An orc (D:3)
  2 bats
  4 giant cockroaches
  6 goblins
  7 hobgoblins
  2 jackals (D:1)
  7 kobolds
  2 quokkas (D:2)
  2 frilled lizards
  5 rats
44 creatures vanquished.

Notes
Turn   | Place    | Note
-------+----------+-------------------------------------------
     0 | D:1      | Kagalorn the Halfling Conjurer began the quest for the Orb.
     0 | D:1      | Reached XP level 1. HP: 11/11 MP: 3/3
   211 | D:1      | Reached XP level 2. HP: 11/17 MP: 2/4
   488 | D:1      | Reached XP level 3. HP: 11/21 MP: 0/5
   690 | D:1      | Reached skill level 4 in Conjurations
   930 | D:2      | Found a white marble altar of Elyvilon.
   964 | D:2      | Became a worshipper of Elyvilon the Healer
  1214 | D:2      | Reached XP level 4. HP: 27/27 MP: 0/6
  1258 | D:2      | Reached * piety under Elyvilon
  1684 | D:3      | Noticed Sigmund
  1757 | D:3      | Noticed Jessica
  1766 | D:3      | Killed Jessica
  1791 | D:3      | Found a shimmering blue altar of Sif Muna.
  1820 | D:3      | Noticed Ijyb
  1867 | D:3      | Found a runed translucent door.
  1868 | D:3      | Noticed Crazy Yiuf
  1881 | D:3      | Killed Crazy Yiuf
  1881 | D:3      | Reached skill level 5 in Conjurations
  1881 | D:3      | Reached XP level 5. HP: 15/31 MP: 0/7
  2003 | D:3      | HP: 1/31 [Ijyb/puff of flame (11)]
  2005 | D:3      | Killed from afar by Ijyb

Levels and vault maps discovered:
D:1:      minmay_arrival_semitransparent, layout_loops_ring
D:2:      layout_basic, elyvilon_altar_5
D:3:      layout_basic, tgw_sif, uniq_crazy_yiuf_cottage, uniq_jessica,
          uniq_ijyb, uniq_natasha, uniq_terence, uniq_sigmund

Skill      XL: |  1  2  3  4 |
---------------+-------------+-----
Conjurations   | 4 5 |  5.1
Dodging        | |  2.1
Stealth        | |  2.1
Spellcasting   | |  1.5

Action                   |  1- 3 |  4- 6 || total
-------------------------+-------+-------++-------
Melee: Short sword       |    49 |    26 ||    75
 Cast: Magic Dart        |    48 |    34 ||    82
 Stab: Sleeping          |     2 |       ||     2
  Eat: Chunk             |     2 |     3 ||     5
Armor: Robe              |    10 |     7 ||    17
Dodge: Dodged            |    34 |    17 ||    51

Table legend:
 A = Non-vault XP
 B = Vault XP
 C = Vault XP percentage of total XP
 D = Non-vault monster count
 E = Vault monster count
 F = Vault count percentage of total count
                 A         B        C        D         E       F
            +---------+---------+-------+---------+---------+-------
      Total |      91 |      78 |  46.2 |      42 |       2 |   4.5
            +---------+---------+-------+---------+---------+-------
        D:1 |      31 |       0 |   0.0 |      16 |       0 |   0.0
        D:2 |      43 |       0 |   0.0 |      18 |       0 |   0.0
        D:3 |      17 |      78 |  82.1 |       8 |       2 |  20.0
            +---------+---------+-------+---------+---------+-------
